 Dungeon Sprint DCSS version 0.18-a0-33-g9e10395 (console) character file.

108 Kellhus the Fighter (level 9, -26/57 HPs)
             Began as a Vine Stalker Assassin on Nov 5, 2015.
             Was an Elder of Makhleb.
             Killed by an exploding giant spore (34 damage)
             ... in the Dungeon (Sprint VI: "Thunderdome").
             The game lasted 00:03:57 (487 turns).

Kellhus the Fighter (Vine Stalker Assassin)          Turns: 487, Time: 00:03:57

Health: -26/57     AC:  5    Str: 13    XL:     9   Next: 33%
Magic:  0/10       EV: 21    Int: 11    God:    Makhleb [****..]
Gold:   400        SH:  0    Dex: 20    Spells: 0 memorised, 8 levels left

rFire  . . .     SeeInvis .     a - +2 dagger
rCold  + . .     Clarity  .     t - +1 leather armour {rC+}
rNeg   . . .     SustAt   .     (no shield)
rPois  .         Gourm    .     (no helmet)
rElec  .         Spirit   +     d - +0 cloak
rCorr  .         Warding  .     (no gloves)
rMut   .         NoTele   +     (no boots)
MR     +....                    (no amulet)
Stlth  +.........               (no ring)
                                (no ring)

@: confused, somewhat resistant to hostile enchantments, very unstealthy
A: fangs 3, regeneration 2, magic shield, antimagic bite, no device heal 3, rot
immunity
a: Minor Destruction, Lesser Servant of Makhleb, Major Destruction, Renounce
Religion


You were in the Dungeon.
You worshipped Makhleb.
Makhleb was greatly pleased with you.
You were not hungry.

You visited 1 branch You collected 400 gold pieces.

Inventory:

Hand Weapons
 a - a +2 dagger (weapon)
 b - a +0 blowgun
Missiles
 e - 8 poisoned needles
 f - 2 curare-tipped needles
Armour
 c - a +0 robe
 d - a +0 cloak (worn)
 t - a +1 leather armour of cold resistance (worn)
Wands
 o - a wand of cold (0)
 p - a wand of fire (3)
Scrolls
 m - 4 scrolls of blinking
 q - 3 scrolls of fog
Potions
 h - a potion of curing
 i - a potion of heal wounds
 j - 4 potions of haste
 k - 2 potions of magic
 n - a potion of resistance
 r - a potion of flight {unknown}
Comestibles
 g - a bread ration
 s - 3 chunks of flesh


   Skills:
 + Level 11.7 Fighting
 - Level 9.7 Short Blades
 - Level 1.7 Throwing
 + Level 10.7 Dodging
 - Level 4.8 Stealth


You had 8 spell levels left.
You didn't know any spells.

Dungeon Overview and Level Annotations

Branches:
Dungeon (1/1)

Altars:
Cheibriados
Dithmenos
Fedhas
Gozag
Kikubaaqudgha
Makhleb
Okawaru
Qazlal
Ru
Sif Muna
Trog
Vehumet
Xom
Yredelemnul
Zin
The Shining One
Jiyva
Lugonu

Shops:
D *[%??*?*:[((!!!!


Innate Abilities, Weirdness & Mutations

You have razor-sharp teeth.
You heal very quickly.
When hurt, damage is shared between your health and your magic reserves.
Your bite disrupts and absorbs the magic of your enemies.
Potions and wands cannot restore your health.
You are immune to rotting.


Message History

The giant spore explodes!
A fungus suddenly grows. x2
The explosion of spores engulfs the ballistomycete.
The explosion of spores engulfs you!
You are confused.
Ouch! That really hurt!
A fungus suddenly grows.
The explosion of spores engulfs the ballistomycete.
A fungus suddenly grows. x2
The explosion of spores engulfs you!
You are more confused.
* * * LOW HITPOINT WARNING * * *
The explosion of spores engulfs the active ballistomycete.
The explosion of spores engulfs the ballistomycete.
The explosion of spores engulfs the active ballistomycete.
The explosion of spores engulfs the ballistomycete. x3
The explosion of spores engulfs you!
You are more confused.
Ouch! That really hurt!
You die...

..........###.(.###..........
.............###.)PP.........
##∩........8.# #.8..P.....∩##
##∩._.......###......___∩##
######.8.......PP8P######
#⌠........P.P§#
###.........### #_........#
#......@._# #P.....P._#
#∩.P....PP# ##∩.PP..∩##
##.PP..## ##§§§## #####


You could see 7 active ballistomycetes.

Vanquished Creatures
  3 deep elf conjurers (D)
  3 deep elf priests (D)
  Sigmund (D)
  A worker ant (D)
  Jessica (D)
  An adder (D)
  A worm (D)
  A goblin (D)
12 creatures vanquished.

Vanquished Creatures (others)
  9 giant spores (D)
9 creatures vanquished.

Grand Total: 21 creatures vanquished

Notes
Turn   | Place    | Note
--------------------------------------------------------------
     0 | D        | Kellhus the Vine Stalker Assassin began the quest for the Orb.
     0 | D        | Reached XP level 1. HP: 11/11 MP: 2/2
     3 | D        | Found a radiant altar of Vehumet.
     4 | D        | Found a burning altar of Makhleb.
     5 | D        | Found a stormy altar of Qazlal.
     5 | D        | Round 1.
     6 | D        | Found Puatular's Identification Station.
     6 | D        | Found a glowing silver altar of Zin.
     6 | D        | Found Yjoacwina's Bee Food.
     7 | D        | Found Seefemuv's Advanced Armour.
     7 | D        | Found Fitus's Jewellery.
    12 | D        | Became a worshipper of Makhleb the Destroyer
    17 | D        | Found an ancient bone altar of Kikubaaqudgha.
    18 | D        | Found a basalt altar of Yredelemnul.
    19 | D        | Found an iron altar of Okawaru.
    20 | D        | Found Cikkamp's Magic Scroll Shop.
    21 | D        | Found a bloodstained altar of Trog.
    21 | D        | Found a snail-covered altar of Cheibriados.
    21 | D        | Found a shimmering altar of Xom.
    21 | D        | Found Riororph's Staff Store.
    21 | D        | Found Sihum's Magic Scroll Shop.
    21 | D        | Found Mehodghyw's Must-Have Magic.
    21 | D        | Noticed Sigmund
    24 | D        | Killed Sigmund
    24 | D        | Reached skill level 9 in Short Blades
    24 | D        | Reached XP level 2. HP: 15/15 MP: 3/3
    24 | D        | Reached XP level 3. HP: 18/18 MP: 4/4
    24 | D        | Reached XP level 4. HP: 23/23 MP: 5/5
    24 | D        | Reached XP level 5. HP: 26/26 MP: 6/6
    27 | D        | Found a blossoming altar of Fedhas.
    35 | D        | Noticed Jessica
    50 | D        | Killed Jessica
    50 | D        | Reached * piety under Makhleb
    60 | D        | Found a corrupted altar of Lugonu.
    61 | D        | Found a shadowy altar of Dithmenos.
    62 | D        | Found Cytaod's Distillery.
    63 | D        | Found Gitib's Distillery.
    63 | D        | Found Jila's Bottled Wisdom.
    63 | D        | Found a viscous altar of Jiyva.
    63 | D        | Found an opulent altar of Gozag.
    63 | D        | Found a sacrificial altar of Ru.
    63 | D        | Found Qahu's Do-It-Yourself Clinic.
    68 | D        | Found a deep blue altar of Sif Muna.
    69 | D        | Found a glowing golden altar of the Shining One.
    70 | D        | Found Neemnyor's Weapon Rack.
    71 | D        | Found Suat's Basic Armour.
    71 | D        | Found Icuphuf's Miscellaneous Merchandise.
    72 | D        | Found Yckisoeck's Premium Goods.
   116 | D        | Reached ** piety under Makhleb
   116 | D        | Arena points: 12 (+12) [x2]
   190 | D        | Round 2.
   249 | D        | Gained mutation: You heal very quickly. [Vine Stalker growth]
   249 | D        | Reached XP level 6. HP: 31/33 MP: 7/7
   258 | D        | Arena points: 24 (+12) [x3]
   273 | D        | Round 3.
   281 | D        | Noticed a deep elf priest
   306 | D        | Killed a deep elf priest
   306 | D        | Reached skill level 5 in Dodging
   323 | D        | Noticed a deep elf conjurer
   344 | D        | Killed a deep elf conjurer
   344 | D        | Reached *** piety under Makhleb
   344 | D        | Reached XP level 7. HP: 18/44 MP: 1/8
   344 | D        | Gained mutation: You have razor-sharp teeth. [Vine Stalker growth]
   344 | D        | Reached XP level 8. HP: 20/49 MP: 1/9
   392 | D        | Noticed a deep elf conjurer
   400 | D        | Noticed a deep elf conjurer
   407 | D        | Killed a deep elf conjurer
   407 | D        | Reached skill level 10 in Fighting
   411 | D        | Killed a deep elf conjurer
   411 | D        | Reached skill level 11 in Fighting
   411 | D        | Reached skill level 10 in Dodging
   411 | D        | Reached XP level 9. HP: 56/56 MP: 10/10
   418 | D        | Noticed a deep elf priest
   426 | D        | Noticed a deep elf priest
   434 | D        | Killed a deep elf priest
   434 | D        | Reached **** piety under Makhleb
   456 | D        | Killed a deep elf priest
   456 | D        | Arena points: 108 (+84) [x4]
   484 | D        | Round 4.
   487 | D        | Killed by an exploding giant spore

Vault maps used:
D:        arena_sprint

Action                   |  1- 3 |  4- 6 |  7- 9 || total
-------------------------+-------+-------+-------++-------
Melee: Dagger            |       |    65 |    25 ||    90
 Fire: Blowgun           |       |     2 |       ||     2
Evoke: Wand              |     1 |     4 |     2 ||     7
  Use: Potion            |       |       |     1 ||     1
